 Dungeon Crawl Stone Soup version 0.23.0 (webtiles) character file.

Game seed: 13219341228855252086

7 tidbits the Charmwright (level 2, 26/26 HPs)
             Began as a Gnoll Skald on Feb 11, 2019.
             Quit the game on level 4 of the Dungeon.
             The game lasted 00:01:41 (174 turns).

tidbits the Charmwright (Gnoll Skald)                Turns: 174, Time: 00:01:42

Health: 26/26      AC:  3    Str: 13    XL:     2   Next: 4%
Magic:  5/7        EV: 14    Int: 15    God:
Gold:   9          SH:  0    Dex: 14    Spells: 5/10 levels left

rFire    . . .     SeeInvis .   a - +0 spear
rCold    . . .     Gourm    .   (no shield)
rNeg     . . .     Faith    .   b - +0 leather armour
rPois    .         Spirit   .   (no helmet)
rElec    .         Reflect  .   (no cloak)
rCorr    .         Harm     .   (no gloves)
MR       .....                  (no boots)
Stlth    +.........             (no amulet)
HPRegen  0.08/turn              (no ring)
MPRegen  0.10/turn              (no ring)

@: infused (expiring)
A: distributed training, fangs 1, strong nose
a: no special abilities


You were on level 4 of the Dungeon.
You were completely stuffed.

You visited 1 branch of the dungeon, and saw 4 of its levels.

You collected 9 gold pieces.

Inventory:

Hand Weapons
 a - a +0 spear (weapon)
Armour
 b - a +0 leather armour (worn)
Scrolls
 c - 3 scrolls of identify {unknown}
 f - a scroll of amnesia {unknown}
Potions
 e - a potion of magic {unknown}
 g - a potion of heal wounds {unknown}
Comestibles
 d - a ration


   Skills:
 + Level 4.4 Fighting
 + Level 0.2 Short Blades
 + Level 0.2 Long Blades
 + Level 0.2 Axes
 + Level 0.2 Maces & Flails
 + Level 4.4 Polearms
 + Level 0.2 Staves
 + Level 0.2 Slings
 + Level 0.2 Bows
 + Level 0.2 Crossbows
 + Level 0.2 Throwing
 + Level 2.4 Armour
 + Level 4.4 Dodging
 + Level 0.2 Stealth
 + Level 0.2 Shields
 + Level 0.2 Unarmed Combat
 + Level 4.9 Spellcasting
 + Level 0.1 Conjurations
 + Level 0.1 Hexes
 + Level 5.3 Charms
 + Level 0.1 Summonings
 + Level 0.1 Necromancy
 + Level 0.1 Translocations
 + Level 0.1 Transmutations
 + Level 0.1 Fire Magic
 + Level 0.1 Ice Magic
 + Level 0.1 Air Magic
 + Level 0.1 Earth Magic
 + Level 0.1 Poison Magic
 + Level 0.3 Invocations
 + Level 0.2 Evocations


You had 5 spell levels left.
You knew the following spells:

 Your Spells              Type           Power        Failure   Level  Hunger
g - Shroud of Golubria    Chrm/Tloc      ##........   11%         2    ##.....
i - Infusion              Chrm           ###.         2%          1    None
y - Song of Slaying       Chrm           ###.....     3%          2    ##.....

Your spell library contained the following spells:

 Spells                   Type           Power        Failure   Level  Hunger
 Regeneration             Chrm/Necr      ##........   21%         3    ###....
 Spectral Weapon          Hex/Chrm       ##......     21%         3    ###....


Dungeon Overview and Level Annotations

Branches:
Dungeon (4/15)
 Temple: D:4-7

Altars:

Shops:
D:4 ?


Innate Abilities, Weirdness & Mutations

Your experience applies equally to all skills.
You have very sharp teeth.
Your uncanny sense of smell can sniff out nearby items.


Message History

Unknown command.
Unknown command.
Found a scroll labeled WIFADE WOUH.
Casting: Infusion (safe; 2% risk of failure)
Confirm with . or Enter, or press ? or * to list all spells.
You begin infusing your attacks with magical energy.
Unknown command.
You hit the jackal!
You kill the jackal!
Found a ration.
Unknown command.
Unknown command.
You see here a scroll labeled WIFADE WOUH.
c - 2 scrolls labeled WIFADE WOUH (gained 1)
You see here a ration.
You eat the ration.
That ration really hit the spot!
Attack whom?
Press: ? - help, Dir - move target cursor, f - kobold
Aim: a kobold, wielding a +0 dagger You reach to attack!
You hit the kobold.
The kobold is severely wounded.
You hit the kobold.
You kill the kobold!
Found 9 gold pieces.
Found an escape hatch in the floor.
Your magical infusion is running out.
You see here 9 gold pieces.
You now have 9 gold pieces.
You are no longer magically infusing your attacks.
There is an escape hatch in the floor here.
You slide downwards.
The hatch slams shut behind you.
Found a stone staircase leading up.
Unknown command.
Found 23 arrows.
Found a stone staircase leading down.
Unknown command.
There is a stone staircase leading up here.
You climb upwards.
A frilled lizard and a rat come into view.
The frilled lizard hisses angrily.
A goblin comes into view. It is wielding a +0 club.
There is a stone staircase leading down here.
Unknown command.
Unknown command.
Unknown command.
Unknown command.
The goblin shouts!
You climb downwards.
There is a stone staircase leading up here.
Unknown command.
Unknown command.
Found a scroll labeled WIFADE WOUH.
You see here a scroll labeled WIFADE WOUH.
c - 3 scrolls labeled WIFADE WOUH (gained 1)
There is a stone staircase leading down here.
You climb downwards.
There is a stone staircase leading up here.
Unknown command.
Found a stone staircase leading down.
There is a stone staircase leading down here.
You climb downwards.
A dart slug comes into view.
Found a yellow potion.
Found Daudghups's Magic Scroll Shop.
There is a stone staircase leading up here.
Casting: Infusion (safe; 2% risk of failure)
Confirm with . or Enter, or press ? or * to list all spells.
You begin infusing your attacks with magical energy.
Unknown command.
Attack whom?
Press: ? - help, Dir - move target cursor, f - dart slug
Aim: a dart slug (clinging)
You reach to attack!
You hit the dart slug!
The dart slug is severely wounded.
Attack whom?
Press: ? - help, Dir - move target cursor, f/p - dart slug
Aim: a dart slug (severely wounded, clinging)
You reach to attack!
You hit the dart slug.
You kill the dart slug!
You have reached level 2!
Memorise Song of Slaying, consuming 2 spell levels and leaving 7?
You start memorising the spell.
You continue memorising. x2
You finish memorising.
Spell assigned to 'y'.
Memorise Shroud of Golubria, consuming 2 spell levels and leaving 5?
You start memorising the spell.
You continue memorising. x2
You finish memorising.
Spell assigned to 'g'.
You see here a yellow potion.
g - a yellow potion Your magical infusion is running out.
Found 3 gold pieces.
An orc wizard comes into view. It is wielding a +0 dagger.
The orc wizard shouts!
You hear a shout!
An orc, an orc priest and an orc wizard come into view.
The orc wizard shouts!
The orc shouts!
The orc priest shouts!
You hear an angry hiss.
An iguana comes into view.
The orc wizard moves out of view.
Unknown command.
Unknown command.
Are you sure you want to abandon this character and quit the game? (Confirm with "yes".)

#....#.. ###
##.#..#o ... ∆
.....ol #.# ##..o..
#.# ..$.. #.# ...
#.# #.# #######.#
#@# #
..∩....<########.#.#
##..#.#............#
#......†.....###
###...########
....#.# ........#
#########


You could see an iguana, an orc priest, an orc wizard and an orc.

Vanquished Creatures
  A dart slug (D:4)
  A jackal (D:1)
  A kobold (D:1)
  A frilled lizard (D:1)
  2 rats (D:1)
6 creatures vanquished.

Notes
Turn   | Place    | Note
-------+----------+-------------------------------------------
     0 | D:1      | tidbits the Gnoll Skald began the quest for the Orb.
     0 | D:1      | Reached XP level 1. HP: 20/20 MP: 6/6
   153 | D:4      | Found Daudghups's Magic Scroll Shop.
   158 | D:4      | Reached XP level 2. HP: 26/26 MP: 3/7
   162 | D:4      | Learned a level 2 spell: Song of Slaying
   165 | D:4      | Learned a level 2 spell: Shroud of Golubria
   174 | D:4      | Quit the game

Action                   || total
-------------------------++-------
Melee: Spear             ||    11
 Cast: Infusion          ||     3
  Eat: Ration            ||     2
Dodge: Dodged            ||     1

Table legend:
 A = Turns spent in this place as a percentage of turns spent in the entire game.
 B = Non-inter-level travel turns spent in this place as a percentage of non-inter-level travel turns spent in the entire game.
 C = Inter-level travel turns spent in this place as a percentage of turns spent in this place.
 D = Turns resting spent in this place as a percentage of non-inter-level travel turns spent in this place.
 E = Turns spent auto-exploring this place as a percentage of non-inter-level travel turns spent in this place.
 F = Non-inter-level travel turns spent in this place divided by the number of levels of this place that you've seen.
                   A       B       C       D       E      F
               +-------+-------+-------+-------+-------+----------------------
         Total | 100.0 | 100.0 |   0.0 |   0.0 |   0.0 |  43.5
       Dungeon | 100.0 | 100.0 |   0.0 |   0.0 |   0.0 |  43.5
               +-------+-------+-------+-------+-------+----------------------

Table legend:
 A = Kills in this place as a percentage of kills in entire the game.
 B = Kills by you in this place as a percentage of kills by you in the entire game.
 C = Kills by friends in this place as a percentage of kills by friends in the entire game.
 D = Other kills in this place as a percentage of other kills in the entire game.
 E = Experience gained in this place as a percentage of experience gained in the entire game.
 F = Experience gained in this place divided by the number of levels of this place that you have seen.
                   A       B       C       D       E      F
               +-------+-------+-------+-------+-------+----------------------
         Total | 100.0 | 100.0 |   N/A |   N/A | 100.0 |   2.8
       Dungeon | 100.0 | 100.0 |   N/A |   N/A | 100.0 |   2.8
               +-------+-------+-------+-------+-------+----------------------

Levels and vault maps discovered:
D:1:      kennysheep_arrival_forest, layout_rooms
D:2:      layout_loops_ring, minivault_24, uniq_natasha
D:3:      cheibrodos_helix_gallery, layout_loops_corners, tgw_kikubaaqudgha,
          uniq_grinder
D:4:      layout_loops_ring, dancing_weapons_uskayaw,
          minmay_temple_entry_offerings, serial_shops, shop, first_ration
